[Event "Grand Masters 2023"]
[Site "Chennai"]
[Date "2023.12.17"]
[Round "3"]
[White "Erigaisi, Arjun"]
[Black "Predke, Alexandr"]
[Result "1-0"]
[WhiteElo "2727"]
[BlackElo "2689"]
[ECO "B33"]
[EventDate "2023.??.??"]
[Annotator "rafael"]
[PlyCount "141"]
[Beauty "5773799208505"]
[EventType "team-tourn"]
[EventCountry "IND"]
[TimeControl "40/5400+30:1800+30"]

1.e4 c5 2.Nf3 Nc6 3.d4 cxd4 4.Nxd4 Nf6 5.Nc3 e5 6.Ndb5 d6 7.Nd5 Nxd5 8.exd5 Ne7 {8...Nb8 is much more popular, but this is also commonly played. Arjun faced this move in 2023 in a game against Dubov.} 9.c3 $5 ( 9.c4 {is the main move:} 9...Ng6 10.Qa4 Bd7 11.Qb4 Qb8 12.h4 h5 13.Be2 Be7 14.g3 a6 15.Nc3 b5 16.cxb5 axb5 17.Nxb5 O-O $13 {/= with good compensation for the pawn: Arjun-Dubov, Global Chess League Dubai rapid 2023.} ) 9...Nf5 $1 {[%c_effect f5;square;f5;type;GreatFind;persistent;true] This is the best route for the knight now.} ( 9...Ng6 $2 {[%c_effect g6;square;g6;type;Mistake;persistent;true] is a clear mistake. White can now use the c4-square for the queen.} 10.Qa4 Bd7 11.Qb4 Bf5 ( 11...Qb8 12.Qc4 $1 {[%c_effect c4;square;c4;type;GreatFind;persistent;true] is also bad.} ) 12.Qc4 $1 {[%c_effect c4;square;c4;type;GreatFind;persistent;true] creating the annoying threat of Nc7+.} ) ( 9...f5 {is also possible, but looks risky.} ) 10.a4 Be7 11.Bd3 O-O 12.O-O {This is well-known opening theory, with more than 200 games played in this position.} 12...Nh4 {A good move, but there are alternatives. The plan is to push the f-pawn and start to move the kingside majority.} ( 12...a6 13.Na3 Bg5 {is insufficient for equality after} 14.f4 $1 exf4 15.Bxf4 ) ( 12...Bd7 $5 {[%c_effect d7;square;d7;type;Interesting;persistent;true] is a flexible move, completing development and leaving the knight a little longer.} ) 13.f4 a6 14.Na3 exf4 15.Bxf4 Ng6 16.Bxg6 $6 {[%c_effect g6;square;g6;type;Inaccuracy;persistent;true] This exchange makes things easier for Black. It's better to preserve the bishops with 16.Bg3 or 16.Be3, when White can fight for the advantage.} ( 16.Bg3 ) ( 16.Be3 ) 16...hxg6 17.Nc4 Qc7 18.b3 b6 {A new move. Predke probably wanted to prevent a4-a5. He could, however, ignore White's idea and activate his bishop instead:} ( 18...Bf5 19.a5 Be4 $1 {[%c_effect e4;square;e4;type;GreatFind;persistent;true] with equal chances.} ) 19.Be3 {This move doesn't look very good, since the bishop was already well-placed on f4. Getting it to d4 isn't so important for the position. Anyway, it's difficult to prove an advantage for White.} ( 19.Re1 Bf5 {A difficult move. At first I thought 19...Rd8 was forced, but then White has some initiative.} ( 19...Rd8 20.Qf3 ) 20.Rxe7 Qxe7 21.Bxd6 Qa7 $1 22.Qd4 ( 22.Bxf8 {is bad due to} 22...b5+ $1 23.Kh1 bxc4 24.Ba3 cxb3 25.Qxb3 Re8 {with good counterplay} ) 22...Rfe8 23.Nxb6 Re4 24.Qc5 Rae8 {with a tense position where both sides have chances.} ) ( 19.Qd4 {is also possible:} 19...Rb8 20.Rfe1 Rd8 21.Qe3 Bf8 22.a5 bxa5 23.Nxa5 Bd7 {Black is close to equality.} ) 19...Rb8 20.Bd4 Bg5 $1 {[%c_effect g5;square;g5;type;GreatFind;persistent;true] Activating the bishop.} 21.Nd2 {The knight was ready to be attacked by b6-b5. Now it can go to e4 or f3.} 21...Re8 22.c4 $6 {[%c_effect c4;square;c4;type;Inaccuracy;persistent;true] White's position becomes unpleasant now. It's important to fight for control of the e-file with} ( 22.Re1 $1 ) 22...Be3+ 23.Bxe3 Rxe3 24.Re1 Qc5 25.Kh1 Bf5 26.Nf3 $6 {[%c_effect f3;square;f3;type;Inaccuracy;persistent;true] This move loses a pawn.} ( 26.Rxe3 Qxe3 27.Qe1 $1 ( 27.Nf1 Qc3 $15 ) 27...Qd3 {with the initiative for Black.} ( 27...Re8 {is not very accurate:} 28.Qxe3 Rxe3 29.a5 bxa5 30.Kg1 {with an equal endgame.} ) ) 26...Bg4 $2 {[%c_effect g4;square;g4;type;Mistake;persistent;true] Now White achieves a comfortable endgame.} ( 26...Rd3 $1 {[%c_effect d3;square;d3;type;GreatFind;persistent;true] is much better. White has some practical compensation after} 27.Qe2 Rxb3 28.Qe7 Rf8 {but here it's more a question of whether Black is able to win or White has enough counterplay for a draw.} ) 27.Rxe3 Qxe3 28.Qd4 $1 Qxd4 29.Nxd4 Bd7 30.a5 {I believe this move was played in order to prevent a6-a5, when it's difficult to crack Black's position, but this decision is double-edged.} ( 30.Kg1 {Black can choose between a5 or g5.} 30...a5 ( 30...g5 ) ) ( 30.h4 {This is the typical move that would please the late coach Mark Dvoretsky. He loved pawn moves to prevent counterplay in the endgame. Black cannot now play g6-g5, so he should move the other pawn:} 30...a5 $1 31.Re1 Re8 32.Rxe8+ Bxe8 {The computer says White is slightly better and maybe Carlsen is able to win this endgame, but it seems really difficult to make progress.} ) 30...b5 31.cxb5 Bxb5 32.Kg1 Bd3 33.Ra4 {Preventing Rb4 and Be4, but the rook is misplaced.} ( 33.Kf2 {likely ends in a draw after} 33...Be4 34.Rc1 Bxd5 35.Rc7 ) ( 33.Rc1 {is also equal:} 33...Rb4 34.Nf3 f6 35.Rc6 Rxb3 36.Rxd6 ) 33...Re8 $6 ( 33...f5 $1 {[%c_effect f5;square;f5;type;GreatFind;persistent;true] prepares Be4, when Black has the initiative.} ) 34.Rb4 Re1+ 35.Kf2 Re5 ( 35...Ra1 {is more accurate:} 36.Rb6 Rxa5 37.Rxd6 Be4 38.Rd8+ Kh7 39.d6 Rd5 {with equality.} ) 36.Nc6 Re2+ 37.Kf3 Ra2 $2 ( 37...g5 $1 {[%c_effect g5;square;g5;type;GreatFind;persistent;true] is necessary:} 38.Rb8+ Kh7 39.Rd8 Rb2 40.Rxd6 Rxb3 41.Ke3 Bb5+ 42.Kd4 Rb2 {with good drawing chances.} ) 38.Rb8+ Kh7 39.Rd8 $2 {[%c_effect d8;square;d8;type;Mistake;persistent;true] This gives Black hope again.} ( 39.Nb4 $1 {[%c_effect b4;square;b4;type;GreatFind;persistent;true] is better:} 39...Be2+ 40.Ke3 Rb2 41.Rb6 $1 {[%c_effect b6;square;b6;type;GreatFind;persistent;true] with excellent winning chances.} ) 39...f5 $6 ( 39...Bf1 $1 {[%c_effect f1;square;f1;type;GreatFind;persistent;true] The pawns should be attacked immediately.} 40.Rxd6 Bxg2+ {Black should escape with accurate play.} ) 40.Rxd6 Be4+ 41.Kf4 Rxg2 $6 ( 41...Bxg2 $1 {[%c_effect g2;square;g2;type;GreatFind;persistent;true] is better, although the position is quite difficult to defend. The idea is to have more space for checks with the rook and a clear path for the f-pawn to advance.} 42.Rd8 Rf2+ {with good drawing chances.} ) 42.Rd8 g5+ 43.Ke5 Rxh2 44.Nd4 {The d-pawn is ready to advance and Black is lost.} 44...Ra2 45.b4 g4 46.d6 g3 47.d7 {A simple and human way of winning. The computer indicates an alternative that leads to a much more difficult win.} ( 47.Rc8 g2 48.Rc1 Rf2 $1 49.d7 Rf1 50.Rc3 $3 {[%c_effect c3;square;c3;type;Brilliant;persistent;true] The only way to win.} ( 50.d8=Q $2 Rxc1 51.Ne2 Bf3 {Black escapes with a draw.} ) 50...g1=Q 51.Rh3+ Kg6 52.d8=Q {Black has no checks and White's attack will prove decisive.} ) 47...g2 48.Rh8+ Kxh8 49.d8=Q+ Kh7 50.Qg5 Ra1 51.Ne2 $1 {[%c_effect e2;square;e2;type;GreatFind;persistent;true] The knight prevents the g-pawn from promoting.} 51...Rb1 52.Ke6 Rxb4 53.Qh4+ Kg8 54.Qd8+ Kh7 55.Kf7 Rb7+ 56.Kf8 $1 {[%c_effect f8;square;f8;type;GreatFind;persistent;true] The king crosses the whole board and helps the attack.} 56...f4 57.Qh4+ Kg6 58.Nxf4+ Kf5 59.Nxg2 $1 {[%c_effect g2;square;g2;type;GreatFind;persistent;true] With the capture of the g-pawn, victory becomes a matter of time.} 59...g5 ( 59...Bxg2 60.Qf2+ {Black is unable to set up any kind of fortress.} ) 60.Ne3+ Kf6 61.Qh6+ Ke5 62.Qxg5+ Kd4 63.Qf4 Rb5 64.Ke7 Kd3 65.Ng4 Bd5 66.Ne5+ Kc3 67.Qe3+ Kb4 68.Kd6 Rxa5 69.Nd3+ Kc4 70.Nb2+ Kb4 71.Qd2+ 1-0

[Event "Champions Chess Tour Finals 2023"]
[Site "Chess.com"]
[Date "2023.12.09"]
[Round "2"]
[White "Caruana, Fabiano"]
[Black "Firouzja, Alireza"]
[Result "0-1"]
[WhiteElo "2762"]
[BlackElo "2737"]
[ECO "C54"]
[EventDate "2023.??.??"]
[Annotator "rafael"]
[PlyCount "74"]
[Beauty "7839393011243"]
[EventType "team-tourn"]
[TimeControl "15+3"]

1.e4 e5 2.Nf3 Nc6 3.Bc4 Nf6 4.d3 Bc5 5.O-O d6 6.c3 O-O 7.h3 a6 8.a4 Ba7 9.Re1 h6 10.Nbd2 Re8 11.b4 Be6 12.Bxe6 Rxe6 {This is a critical position of the modern Italian Opening theory.} 13.Bb2 {This move is suggested by Giri in one of his opening courses.} ( 13.Qc2 {is the most popular and was played by Caruana in a blitz game this year.} 13...Qd7 14.Rb1 b5 15.Ra1 Ree8 16.Nb3 {Caruana-Anand, Zagreb SuperUnited Blitz 2023.} ) 13...Nh5 ( 13...Ne7 {immediately is the main line.} 14.Nf1 Ng6 15.c4 c6 16.a5 Qe8 17.Ng3 d5 18.Qb3 Rd8 {when the game is close to equality.} ) 14.Nf1 Ne7 15.c4 Ng6 16.g3 $6 {[%c_effect g3;square;g3;type;Inaccuracy;persistent;true] A new move. Caruana probably got his preparation mixed up, which is very rare.} ( 16.Ne3 {is Giri's suggestion.} ) 16...Ngf4 $5 {[%c_effect f4;square;f4;type;Interesting;persistent;true] The idea of the knight sacrifice on f4 is thematic. It's also possible to place the other knight on this square.} ( 16...Nhf4 $5 17.Kh2 ( 17.gxf4 Nxf4 {likely transposes to the game after} 18.Kh2 Rg6 19.Ne3 ) 17...Bxf2 18.gxf4 Bxe1 19.f5 $1 {[%c_effect f5;square;f5;type;GreatFind;persistent;true] This is an important detail.} 19...Bxb4 20.fxe6 fxe6 {with an unclear position where Black has three pawns for a knight.} ) 17.gxf4 ( 17.Kh2 {is an important alternative:} 17...Bxf2 18.gxf4 Bxe1 19.f5 $1 {[%c_effect f5;square;f5;type;GreatFind;persistent;true] This intermediate move justifies White's play.} 19...Bxb4 20.fxe6 fxe6 {again with a position that is difficult to evaluate. I should mention that the computer assesses it as equal.} ) 17...Rg6+ ( 17...Nxf4 18.Kh2 Rg6 19.Ne3 {transposes to the game.} ) 18.Kh2 ( 18.Kh1 $5 {[%c_effect h1;square;h1;type;Interesting;persistent;true] is also possible. White uses the h2-square for his knight in order to shield the king.} 18...Nxf4 19.d4 Qd7 20.N1h2 Qxh3 21.Rg1 {White is not going to be mated, but Black maintains undeniable compensation for the piece.} ) 18...Nxf4 19.Ne3 Qd7 $6 {[%c_effect d7;square;d7;type;Inaccuracy;persistent;true] This tempting move is a mistake.} ( 19...Bxe3 $1 {[%c_effect e3;square;e3;type;GreatFind;persistent;true] leads to a forced draw.} 20.fxe3 ( 20.Rxe3 $2 {[%c_effect e3;square;e3;type;Mistake;persistent;true] loses:} 20...Rg2+ 21.Kh1 Rxf2 22.Bc3 Nxh3 {with a winning attack.} ) 20...Rg2+ 21.Kh1 Qd7 22.Ng1 Rxg1+ $1 23.Kxg1 Qxh3 24.exf4 Qg3+ {White cannot escape perpetual check.} 25.Kf1 Qh3+ 26.Ke2 Qg2+ 27.Ke3 exf4+ 28.Kxf4 ( 28.Kd4 $4 Qxb2+ 29.Kd5 Qe5# ) 28...Qf2+ 29.Kg4 ( 29.Qf3 $4 g5+ 30.Kg4 h5+ ) 29...Qg2+ ) 20.Ng1 $2 ( 20.Nf5 $1 {[%c_effect f5;square;f5;type;GreatFind;persistent;true] is the right move.} 20...Bxf2 ( 20...Rg2+ 21.Kh1 g6 {This was probably the continuation that worried Caruana, as it looks good for Black. But White not only manages to defend himself but gains a decisive advantage after} 22.Bc1 $1 Rxf2 ( 22...gxf5 23.Bxf4 {the rook is hanging on g2.} ) 23.Rg1 $1 Kh7 24.c5 $1 {[%c_effect c5;square;c5;type;GreatFind;persistent;true] White is winning in all lines, for instance:} 24...gxf5 25.Bxf4 exf4 26.Ng5+ $1 {[%c_effect g5;square;g5;type;GreatFind;persistent;true] White is the one attacking now.} ) 21.Rf1 Bg3+ ( 21...Rg2+ 22.Kh1 g6 23.Nxe5 $1 dxe5 24.Bxe5 {with a winning position.} ) 22.Kh1 Nxh3 23.Qd2 {White's king is protected and the f5-knight is very strong.} ) 20...Rxg1 $1 21.Kxg1 Qxh3 22.c5 $2 ( 22.Qg4 {is the only chance. It looks completely losing, but there are still drawing hopes after} 22...Bxe3 $1 23.Qxh3 Nxh3+ 24.Kg2 ( 24.Kh2 Nxf2 $1 ) 24...Nf4+ 25.Kf3 ) 22...h5 $1 {[%c_effect h5;square;h5;type;GreatFind;persistent;true] Preventing Qg4. Black is ready to play Re8-e6 with a decisive attack.} 23.Re2 Re8 24.Qf1 Nxe2+ 25.Qxe2 Re6 26.Ng2 Rg6 27.Qf1 h4 28.Rc1 a5 $1 {[%c_effect a5;square;a5;type;GreatFind;persistent;true] Firouzja plays perfectly. This move guarantees that the bishop on a7 will take part in the attack.} 29.Bc3 ( 29.bxa5 Bxc5 30.Rxc5 dxc5 {Black is completely winning.} ) 29...Qg4 ( 29...Qf3 {wins easily as well:} 30.Kh2 Rxg2+ $1 31.Qxg2 Qf4+ {picking up the rook on c1.} ) 30.Kh2 h3 31.Ne3 Qf4+ 32.Kh1 Qf3+ 33.Kh2 Qf4+ 34.Kh1 dxc5 $1 35.bxc5 Qf3+ 36.Kh2 Bxc5 37.Qh1 {This leaves f2 unprotected, but other moves lose as well.} ( 37.Re1 Bxe3 38.Rxe3 Qf4+ 39.Kh1 h2 {followed by Rg1.} ) 37...Qxf2+ 0-1

[Event "Champions Chess Tour Finals 2023"]
[Site "Chess.com"]
[Date "2023.12.10"]
[Round "3"]
[White "Caruana, Fabiano"]
[Black "Carlsen, Magnus"]
[Result "0-1"]
[WhiteElo "2762"]
[BlackElo "2818"]
[ECO "B00"]
[EventDate "2023.??.??"]
[Annotator "rafael"]
[PlyCount "78"]
[Beauty "7700897333797"]
[EventType "team-tourn"]
[TimeControl "900+3"]

1.e4 Nc6 2.d4 {The principled choice.} ( 2.Nf3 {is generally played by those who aren't in the mood to criticize the Nimzowitsch Defense.} 2...d6 {Carlsen has tried this before.} ( 2...e5 {is the best move, we all know it.} ) ( 2...f5 {Even this has been played by Carlsen, but I doubt he would try it against Caruana.} ) ) 2...d5 3.e5 Bf5 {A well-known pawn structure. Black's knight is badly placed on c6, but it's not such a big deal.} 4.Nf3 ( 4.c3 {is a popular move.} 4...e6 5.Bd3 Nge7 6.Ne2 {was played in Aronian-Carlsen, Meltwater Tour Final rapid 2021.} ) 4...e6 5.Bd3 Bxd3 ( 5...Nge7 {is a good alternative. Black doesn't look in danger.} ) 6.Qxd3 Qd7 7.c3 f6 $1 {[%c_effect f6;square;f6;type;GreatFind;persistent;true] Breaking the center and giving life to the pieces.} 8.O-O fxe5 9.dxe5 a5 {A new move but not the best one.} ( 9...Nge7 {is better with the idea of playing Ng6.} ) 10.Re1 ( 10.c4 $1 {[%c_effect c4;square;c4;type;GreatFind;persistent;true] White can try to break in the center immediately. This is the best chance for an advantage.} ) 10...Bc5 ( 10...Nge7 {is good again.} ) 11.Nbd2 a4 $2 {[%c_effect a4;square;a4;type;Mistake;persistent;true] This is too slow.} ( 11...Nge7 ) 12.b4 ( 12.Ng5 $1 {[%c_effect g5;square;g5;type;GreatFind;persistent;true] is the most accurate way to exploit Black's previous mistake.} 12...Nh6 13.Ndf3 Ng4 14.Nd4 {with a clear advantage.} ) 12...axb3 13.Nxb3 Bb6 14.Be3 Bxe3 15.Rxe3 ( 15.fxe3 $1 {[%c_effect e3;square;e3;type;GreatFind;persistent;true] is a great dynamic move. The idea is} 15...b6 16.e4 $1 {[%c_effect e4;square;e4;type;GreatFind;persistent;true] with the advantage.} ) 15...b6 $1 {[%c_effect b6;square;b6;type;GreatFind;persistent;true] Preventing Nc5.} 16.Ng5 Nge7 $1 {[%c_effect e7;square;e7;type;GreatFind;persistent;true] Black has to sacrifice the pawn.} ( 16...g6 $2 17.Rh3 {is a tragedy for Black.} ) 17.Nxh7 Nf5 18.Rh3 Kd8 $2 ( 18...Nxe5 {Black should take the pawn, since 19.Nf6 is not as dangerous as it looks.} 19.Nf6+ ( 19.Qe2 Nf7 {with chances for both sides.} ) 19...Ke7 $1 {[%c_effect e7;square;e7;type;GreatFind;persistent;true] This is the idea.} 20.Nxd7 Nxd3 21.Nxb6 Nf4 22.Nxa8 Nxh3+ 23.gxh3 Rxa8 {with a fine endgame for Black.} ) 19.a4 $2 {[%c_effect a4;square;a4;type;Mistake;persistent;true] There's no need to give the pawn back.} ( 19.Ng5 Rxh3 20.Qxh3 Kc8 {is slightly better for White.} ) ( 19.f4 {with the advantage for White.} ) 19...Nxe5 20.Qe2 Ng6 21.Qg4 Ne5 22.Qf4 $6 ( 22.Qe2 {would probably end in repetition, although Black can still play for a win with} 22...Nf7 ) 22...Nf7 23.a5 Kc8 24.Re1 $2 {[%c_effect e1;square;e1;type;Mistake;persistent;true] Sacrificing another pawn.} ( 24.axb6 Rxa1+ 25.Nxa1 cxb6 {is already slightly better for Black but much better than what happens in the game.} ) 24...bxa5 $1 {[%c_effect a5;square;a5;type;GreatFind;persistent;true] From now on, Carlsen exploits his advantage mercilessly.} 25.Qd2 $6 {[%c_effect d2;square;d2;type;Inaccuracy;persistent;true] It's clear that Caruana has lost control of the game.} 25...e5 ( 25...a4 {is also good.} ) 26.Ra1 Qb5 $1 27.Qc2 N7d6 28.Nd2 a4 29.g4 Ne7 30.Nf3 Nc4 31.Nfg5 a3 {The pawn marches to glory. There's nothing White can do.} 32.Nf7 Re8 33.Nhg5 Qb2 34.Qd1 a2 35.Ne6 Qb6 ( 35...Ng6 $5 36.Nxg7 Nf4 {is easily winning.} ) 36.Nfg5 e4 37.Kg2 Ra5 38.Nxg7 Rf8 39.Qe2 Qb1 $1 {[%c_effect b1;square;b1;type;GreatFind;persistent;true] White loses material.} 0-1